 Dungeon Crawl Stone Soup version 0.23.2 (webtiles) character file.

Game seed: 5613417359012502004

448 Goblin1989 the Changer (level 6, 0/43 HPs)
             Began as a Demonspawn Transmuter on Apr 12, 2019.
             Was an Initiate of Fedhas.
             Slain by a scorpion (6 damage)
             ... on level 6 of the Dungeon.
             The game lasted 00:11:14 (5917 turns).

Goblin1989 the Changer (Demonspawn Transmuter)      Turns: 5917, Time: 00:11:15

Health: 0/43       AC:  2    Str: 12    XL:     6   Next: 73%
Magic:  0/12       EV: 12    Int: 15    God:    Fedhas [......]
Gold:   195        SH:  0    Dex: 15    Spells: 7/13 levels left

rFire    . . .     SeeInvis .     - Unarmed
rCold    . . .     Gourm    .   (no shield)
rNeg     . . .     Faith    .   b - +0 robe
rPois    .         Spirit   +   (no helmet)
rElec    .         Reflect  .   (no cloak)
rCorr    .         Harm     .   (no gloves)
MR       .....                  (no boots)
Stlth    ++........             (no amulet)
HPRegen  0.14/turn              (no ring)
MPRegen  0.13/turn              (no ring)

@: lethally poisoned (0 -> -6), appendage, very slightly contaminated
A: horns 2, talons 1, thin skeletal structure 1, magic shield
a: End Transformation, Fungal Bloom, Renounce Religion


You were on level 6 of the Dungeon.
You worshipped Fedhas.
Fedhas was noncommittal.
You were near starving.
You had grown temporary horns.
You visited 1 branch of the dungeon, and saw 6 of its levels.

You collected 195 gold pieces.

Inventory:

Hand Weapons
 v - a +1 dagger of protection
Missiles
 a - 74 arrows
Armour
 b - a +0 robe (worn)
 p - a +1 helmet
 t - a +0 pair of gloves
 u - a +0 pair of boots
Scrolls
 f - 6 scrolls of identify {unknown}
 g - 3 scrolls of teleportation {unknown}
 k - 2 scrolls of remove curse {unknown}
 m - 2 scrolls of blinking {unknown}
 o - a scroll of enchant weapon {unknown}
 x - a scroll of magic mapping {unknown}
Potions
 i - 3 potions of curing {unknown}
 n - a potion of magic {unknown}
 r - a potion of degeneration {unknown}
 w - a potion of haste {unknown}
Comestibles
 e - 6 rations


   Skills:
 + Level 1.2 Fighting
 + Level 2.0 Dodging
 * Level 3.0 Unarmed Combat
 + Level 4.1 Spellcasting
 + Level 5.2 Transmutations


You had 7 spell levels left.
You knew the following spells:

 Your Spells              Type           Power        Failure   Level  Hunger
a - Beastly Appendage     Tmut           ###...       1%          1    None
b - Sticks to Snakes      Tmut           ###.....     3%          2    ##.....
c - Spider Form           Tmut/Pois      ##........   19%         3    ###....

Your spell library contained the following spells:

 Spells                   Type           Power        Failure   Level  Hunger
 Blade Hands              Tmut           ###.......   50%         5    ######.
 Ice Form                 Ice/Tmut       ##......     52%         4    ####...


Dungeon Overview and Level Annotations

Branches:
Dungeon (7/15)
 Temple: D:4-7

Altars:
Ashenzari
Fedhas
Trog


Innate Abilities, Weirdness & Mutations

You have sharp toenails.
You have a somewhat thin skeletal structure. (Dex +2, Stealth)
When hurt, damage is shared between your health and your magic reserves.
You have a pair of horns on your head.


Message History

Your ball python bites the howler monkey but does no damage.
Your ball python constricts the howler monkey.
The scorpion closely misses your ball python.
The howler monkey hits you!
* * * LOW HITPOINT WARNING * * *
Your ball python bites the howler monkey but does no damage.
Your ball python barely misses the howler monkey.
Your ball python constricts the howler monkey.
You take 6 damage, and have 14/43 hp.
You hit the howler monkey.
The howler monkey is severely wounded.
The howler monkey barely misses you. The scorpion stings your ball python!
Your ball python dies!
Your ball python barely misses the howler monkey. x2
Unknown command.
You barely miss the howler monkey.
The howler monkey is severely wounded.
The howler monkey hits you.
* * * LOW HITPOINT WARNING * * *
Your ball python misses the howler monkey.
Your ball python barely misses the howler monkey.
The jackal barely misses you.
You take 5 damage, and have 9/43 hp.
You barely miss the howler monkey.
The howler monkey is severely wounded.
The howler monkey hits you.
* * * LOW HITPOINT WARNING * * *
The jackal closely misses you.
Your ball python barely misses the howler monkey.
Your ball python grabs the howler monkey.
Your ball python constricts the howler monkey.
A jackal comes into view.
You take 2 damage, and have 7/43 hp.
You now have 1/12 mp.
You hit the howler monkey. You claw the howler monkey.
You kill the howler monkey!
Your Dodging skill increases to level 2!
Your Unarmed Combat skill increases to level 3!
The jackal misses you. The jackal barely misses you.
Unknown command.
The jackal bites your ball python.
Your ball python bites the jackal but does no damage.
Your ball python grabs the jackal.
Your ball python constricts the jackal.
The jackal bites your ball python.
Your ball python dies!
Unknown command.
The jackal closely misses you.
You are near starving!
The jackal bites you but does no damage.
Casting: Spider Form (safe; 19% risk of failure)
Confirm with . or Enter, or press ? or * to list all spells.
You grow a pair of large bovine horns.
The jackal barely misses you.
You now have 1/12 mp.
Unknown command.
Okay, then.
You closely miss the jackal. You claw the jackal, but do no damage.
The jackal is lightly wounded.
The jackal closely misses you. The jackal misses you.
You barely miss the jackal. Your headbutt misses the jackal.
The jackal is lightly wounded.
The jackal bites you.
You now have 0/12 mp.
You barely miss the jackal. Your kick misses the jackal.
The jackal is lightly wounded.
The jackal completely misses you.
A jackal comes into view.
The jackal barks!
You hit the jackal.
You kill the jackal!
A jackal comes into view.
You hit the scorpion. Your kick misses the scorpion.
The scorpion is lightly wounded.
The scorpion stings you.
* * * LOW HITPOINT WARNING * * *
You take 2 damage, and have 7/43 hp.
You hit the scorpion but do no damage. Your headbutt misses the scorpion.
The scorpion is lightly wounded.
You hit the scorpion but do no damage. Your kick misses the scorpion.
You headbutt the scorpion!
The scorpion is heavily wounded.
The scorpion barely misses you.
You hit the scorpion. Your kick misses the scorpion.
Your headbutt misses the scorpion.
The scorpion is severely wounded.
The scorpion stings you but does no damage.
You barely miss the scorpion. Your kick misses the scorpion.
You headbutt the scorpion, but do no damage.
The scorpion is severely wounded.
The scorpion closely misses you.
You hit the scorpion but do no damage.
The scorpion is severely wounded.
The scorpion stings you.
* * * LOW HITPOINT WARNING * * *
You are lethally poisoned!
The scorpion poisons you!
You barely miss the scorpion. You claw the scorpion.
The scorpion is almost dead.
* * * LOW HITPOINT WARNING * * *
You feel sick. The scorpion stings you!
You die...
Fedhas appreciates your contribution to the ecosystem. █..██............. ████

█.██...........(█
█...████████......████████...
█................█ .. ...
██..██████████...█ .. █.
██.██ ██...█.███ █..██
........ ██..███ ██████......
██...████hhs@..███
███.██..h██████ █....███
█.(...██ █...███..█
....████.h....h... .....
....█.███████ .... ██████.█
... █.█


You could see a scorpion and 3 jackals.

Vanquished Creatures
  A water moccasin skeleton (D:6)
  A howler monkey (D:6)
  2 orc wizards (D:3)
  Jessica (D:2)
  Natasha (D:2)
  An iguana (D:4)
  Robin (D:2)
  3 gnolls (D:3)
  6 adders
  An ooze (D:2)
  An adder zombie (D:6)
  A worm (D:2)
  5 dart slugs
  2 leopard geckos
  12 orcs (D:3)
  4 giant cockroaches
  19 goblins
  6 hobgoblins
  6 jackals
  4 ball pythons
  9 bats
  9 frilled lizards
  12 kobolds
  8 rats
116 creatures vanquished.

Vanquished Creatures (others)
  A rat (D:2)
  16 toadstools (D:3)
17 creatures vanquished.

Grand Total: 133 creatures vanquished

Notes
Turn   | Place    | Note
-------+----------+-------------------------------------------
     0 | D:1      | Goblin1989 the Demonspawn Transmuter began the quest for
                  | the Orb.
     0 | D:1      | Reached XP level 1. HP: 15/15 MP: 3/3
    95 | D:1      | Reached skill level 2 in Transmutations
   318 | D:1      | Mutation became permanent: You have razor-sharp toenails.
                  | [demonic ancestry]
   318 | D:1      | Gained mutation: You have claws for feet. [demonic
                  | ancestry]
   318 | D:1      | Reached XP level 2. HP: 16/21 MP: 3/5
   618 | D:1      | Learned a level 2 spell: Sticks to Snakes
  1180 | D:1      | You fall through a shaft!
  1180 | D:2      | Found a shattered altar of Ashenzari.
  1185 | D:2      | Reached skill level 3 in Transmutations
  1202 | D:2      | Reached XP level 3. HP: 21/26 MP: 4/6
  1207 | D:2      | Learned a level 3 spell: Spider Form
  2171 | D:2      | Noticed Robin
  2335 | D:1      | Reached XP level 4. HP: 9/32 MP: 5/8
  3225 | D:2      | Noticed Jessica
  3231 | D:2      | Killed Jessica
  3277 | D:2      | Noticed Natasha
  3283 | D:2      | Killed Natasha
  3283 | D:2      | Reached skill level 4 in Transmutations
  3561 | D:2      | Killed Robin
  3561 | D:2      | Gained mutation: You have a somewhat thin skeletal
                  | structure. (Dex +2, Stealth) [demonic ancestry]
  3561 | D:2      | Reached XP level 5. HP: 37/37 MP: 7/9
  4084 | D:3      | Found a bloodstained altar of Trog.
  4768 | D:3      | Found a blossoming altar of Fedhas.
  4792 | D:3      | Gained mutation: When hurt, damage is shared between your
                  | health and your magic reserves. [demonic ancestry]
  4792 | D:3      | Reached XP level 6. HP: 9/43 MP: 5/11
  4809 | D:3      | Became a worshipper of Fedhas Madash
  5282 | D:3      | Reached skill level 5 in Transmutations
  5638 | D:4      | You fall through a shaft for 3 floors!
  5917 | D:6      | Slain by a scorpion

Skill      XL: |  1  2  3  4  5  6 |
---------------+-------------------+-----
Transmutations | 2 3 4 5 |  5.2
Spellcasting   | 3 4 |  4.1
Dodging        | 2 |  2.0
Unarmed Combat | 3 |  3.0
Fighting       | |  1.2

Action                   |  1- 3 |  4- 6 || total
-------------------------+-------+-------++-------
Melee: Unarmed           |   120 |   270 ||   390
       Kick              |    23 |    31 ||    54
       Headbutt          |     8 |     2 ||    10
 Cast: Beastly Appendage |    21 |     3 ||    24
       Spider Form       |       |    27 ||    27
       Sticks to Snakes  |       |     2 ||     2
Invok: Fungal Bloom      |       |     3 ||     3
 Stab: Sleeping          |     3 |     3 ||     6
  Eat: Chunk             |     5 |    14 ||    19
Armor: Robe              |    26 |    21 ||    47
       Skin              |       |    12 ||    12
Dodge: Dodged            |    80 |   204 ||   284

Levels and vault maps discovered:
D:1:      evilmike_arrival_hilbert_curve, layout_loops_cross, minmay_unequal
D:2:      minmay_chambers_of_twos, layout_basic, evilmike_ruin_ashenzari,
          minmay_misc_feat_alley, uniq_robin, uniq_jessica, uniq_natasha
D:3:      layout_loops_ring, lemuel_doored_altar, lightli_temple_of_fire
D:4:      layout_loops_cross, yredelemnul_forgotten_temple_becter,
          minmay_temple_entry_stoned_glass,
          lightli_ossuary_entry_decrepit_ruins, minivault_26, uniq_sigmund,
          uniq_duvessa
D:6:      layout_rooms, lemuel_round_altar, serial_shops, shop_fountains, shop,
          uniq_prince_ribbit1
D:7:      layout_loops_ring, minmay_manual_mail, uniq_menkaure
